 Seeded DCSS version 0.28.0-53-g5a82cb258f (webtiles) character file.

Game seed: 1 (custom seed)

35 Kazon the Skirmisher (level 3, -2/29 HPs)
             Began as a Vampire Fighter on July 11, 2022.
             Slain by Terence
             ... wielding a +0 trident of freezing
              (8 damage)
             ... on level 2 of the Dungeon.
             The game lasted 00:03:08 (888 turns).

Kazon the Skirmisher (Vampire Fighter)               Turns: 888, Time: 00:03:08

Health: -2/29      AC:  8    Str: 17    XL:     3   Next: 17%
Magic:  3/3        EV:  8    Int:  8    God:
Gold:   53         SH:  4    Dex: 11    Spells: 2/2 levels left

rFire   . . .      SeeInvis +   a - +0 long sword
rCold   . . .      Faith    .   c - +0 buckler
rNeg    . . .      Spirit   .   b - +0 scale mail
rPois   .          Reflect  .   h - +0 helmet
rElec   .          Harm     .   (no cloak)
rCorr   .          Rampage  .   k - +0 pair of gloves
Will    .....                   (no boots)
Stlth   ..........              (no amulet)
HPRegen 0.29/turn               (no ring)
MPRegen 0.08/turn               (no ring)

@: healing quickly
A: alive, fangs 3, see invisible, vampiric 2, clumsy 1, dopey 1, no potion heal
1
a: Exsanguinate


You were on level 2 of the Dungeon.
You visited 1 branch of the dungeon, and saw 2 of its levels.

You collected 53 gold pieces.

Inventory:

Hand Weapons
 a - a +0 long sword (weapon)
Missiles
 e - 33 stones (quivered)
Armour
 b - a +0 scale mail (worn)
 c - a +0 buckler (worn)
 h - a +0 helmet (worn)
 k - a +0 pair of gloves (worn)
Jewellery
 j - a ring of wizardry
Scrolls
 i - a scroll of identify {unknown}
 m - a scroll of magic mapping {unknown}
Potions
 d - a potion of might
 f - a potion of curing {unknown}
 g - a potion of flight {unknown}
 l - a potion of degeneration {unknown}


   Skills:
 + Level 3.1 Fighting
 + Level 2.4 Long Blades
 + Level 2.7 Armour
 + Level 3.0 Shields


You had 2 spell levels left.
You didn't know any spells.
Your spell library was empty.

Dungeon Overview and Level Annotations

Branches:
Dungeon (2/15)

Altars:

Annotations:
D:2 Terence


Innate Abilities, Weirdness & Mutations

Your natural rate of healing is accelerated.
You have razor-sharp teeth.
You have supernaturally acute eyesight. (SInv)
You are afflicted with vampirism and can become a bat while bloodless.
You are clumsy. (Dex -2)
You are dopey. (Int -2)
Potions are less effective at restoring your health.


Message History

Found a robe.
A bat comes into view.
You slash the bat!
You kill the bat!
Found a robe.
Found a potion of mutation.
Terence the Incautious comes into view.
He is wielding a +0 trident of freezing.
Terence shouts!
Terence moves out of view.
Found a stone staircase leading up.
Throw: 35 stones
Press: ? - help, Q - select action Shift-Dir - straight line, f - Terence
Aim: Terence, wielding a +0 trident of freezing and wearing a +0 scale mail (60% to hit)
You throw a stone. The stone barely misses Terence.
Throw: 34 stones
Press: ? - help, Q - select action Shift-Dir - straight line, f/p - Terence
Aim: Terence, wielding a +0 trident of freezing and wearing a +0 scale mail (60% to hit)
You throw a stone.
The stone hits Terence but does no damage.
Terence hits you with a +0 trident of freezing!
Terence freezes you.
You barely miss Terence. Your bite misses Terence.
Terence hits you with a +0 trident of freezing.
Terence freezes you.
You closely miss Terence. You block Terence's attack.
Terence hits you but does no damage.
You closely miss Terence. You bite Terence.
Terence is moderately wounded.
Terence hits you but does no damage.
You hit Terence. You bite Terence, but do no damage.
Terence is heavily wounded.
Terence hits you with a +0 trident of freezing!
* * * LOW HITPOINT WARNING * * *
Terence freezes you.
* * * LOW HITPOINT WARNING * * *
You barely miss Terence. You bite Terence, but do no damage.
Terence is heavily wounded.
You block Terence's attack.
Terence hits you with a +0 trident of freezing!
You die...

...........#
.......(..<#
............# .
........!....# ..
..............#...
.#........#(.......
......[....@...##
#..........@....#
#...............#
#............#.....
#....[.............
#..........####...
#####.........# ..
#.....#...##.## #
...........##.#####
##..................


You could see Terence.

Vanquished Creatures
  A dart slug (D:1)
  3 endoplasms (D:1)
  3 giant cockroaches (D:1)
  3 goblins (D:1)
  2 hobgoblins (D:1)
  4 jackals (D:2)
  3 kobolds
  A ball python (D:2)
  5 bats
  4 rats
29 creatures vanquished.

Notes
Turn   | Place    | Note
-------+----------+-------------------------------------------
     0 | D:1      | Kazon the Vampire Fighter began the quest for the Orb.
     0 | D:1      | Reached XP level 1. HP: 17/17 MP: 1/1
    90 | D:1      | Reached XP level 2. HP: 22/23 MP: 2/2
   295 | D:1      | Found a faded altar of an unknown god.
   785 | D:2      | Gained mutation: You are afflicted with vampirism and can
                  | become a bat while bloodless. [Vampire growth]
   785 | D:2      | Reached XP level 3. HP: 28/29 MP: 3/3
   825 | D:2      | Gained mutation: Potions are less effective at restoring
                  | your health. [potion of mutation]
   825 | D:2      | Gained mutation: You are clumsy. (Dex -2) [potion of
                  | mutation]
   825 | D:2      | Gained mutation: You are dopey. (Int -2) [potion of
                  | mutation]
   879 | D:2      | Noticed Terence
   888 | D:2      | Slain by Terence

Illustrated notes

Levels and vault maps discovered:
D:1:      zelgadis_glass_arrival_small, layout_basic,
          dreamdust_ecumenical_altar_grove
D:2:      layout_rooms, uniq_terence

Skill      XL: |  1  2 |
---------------+-------+-----
Fighting       | 3 |  3.1
Shields        | 3 |  3.0
Long Blades    | |  2.4
Armour         | |  2.7

Action                   || total
-------------------------++-------
Melee: Long sword        ||    93
       Bite              ||     5
Throw: Stone             ||    21
  Use: Potion            ||     1
Armor: Scale mail        ||    42
Dodge: Dodged            ||    33
Block: Buckler           ||    25
